 Dungeon Crawl Stone Soup version 0.31-a0-675-g238779eb0a (webtiles) character file.

Game seed: 17529573133299864290

19597 arthad the Geomancer (level 12, -3/96 HPs)
             Began as a Pale Draconian Earth Elementalist on Sept 5, 2023.
             Was an Initiate of Gozag.
             Killed from afar by Jorgrun (53 damage)
             ... with an entropic shot
             ... on level 12 of the Dungeon.
             The game lasted 00:43:35 (14096 turns).

arthad the Geomancer (DrEE)                        Turns: 14096, Time: 00:43:35

Health: -3/96      AC: 13    Str: 17    XL:     12   Next: 37%
Magic:  11/25      EV: 23    Int: 22    God:    Gozag
Gold:   2667       SH:  0    Dex: 11    Spells: 3/25 levels left

rFire   . . .        z - +5 rapier "Killer Bee's Death" {heavy, Str+4}
rCold   . . .        (no shield)
rNeg    . . .        (body armour unavailable)
rPois   .            (helmet restricted)
rElec   .            s - +2 cloak {rCorr}
rCorr   +            q - +0 pair of gloves {Str+3}
SInv    .            x - +0 pair of boots
Will    .....        C - amulet of magic regeneration
Stlth   +++          k - +5 ring of evasion
HPRegen 0.36/turn    f - +5 ring of evasion
MPRegen 0.59/turn

%: no passive effects
@: gold aura
A: breathe steam, AC +8, unfitting armour, cold-blooded, steam resistance, high
MP 1
a: Breathe Steam, Renounce Religion, Potion Petition, Call Merchant, Bribe
Branch


You were on level 12 of the Dungeon.
You worshipped Gozag.
Gozag was most pleased with you.
You visited 1 branch of the dungeon, and saw 12 of its levels.
You also visited: Bailey.

You collected 3338 gold pieces.
You spent 650 gold pieces at shops.
You paid 21 gold pieces to Gozag.

Inventory:

Hand Weapons
 l - a +2 dagger of flaming
 p - a +4 dagger of speed
 r - a +2 quarterstaff of chaos
 z - the +5 rapier "Killer Bee's Death" (weapon) {heavy, Str+4}
   (You found it on level 6 of the Dungeon)

   Str+4:     It affects your strength (+4).
 A - a +1 dagger of venom
 G - the +1 longbow "Bestro" {elec, rF+ rCorr}
   (You found it in a bailey)

   rF+:       It protects you from fire.
   rCorr:     It protects you from acid and corrosion.
 H - a +0 broad axe
 Q - the +1 rapier of the Chewing Pariah {freeze, rC+}
   (You found it on level 10 of the Dungeon)

   rC+:       It protects you from cold.
 S - the +9 hand cannon of Subjectivity {flame, rPois Str+4}
   (You found it on level 11 of the Dungeon)

   Str+4:     It affects your strength (+4).
   rPois:     It protects you from poison
Armour
 q - a +0 pair of gloves of strength (worn)
 s - a +2 cloak of preservation (worn)
 x - a +0 pair of boots (worn)
Magical Staves
 v - a staff of cold
Jewellery
 b - a ring of flight
 f - a +5 ring of evasion (right hand)
 i - a ring of fire
 j - a ring of positive energy
 k - a +5 ring of evasion (left hand)
 m - an amulet of the acrobat
 C - an amulet of magic regeneration (around neck)
 I - a ring of positive energy
 U - a ring of see invisible
Wands
 t - a wand of charming (25)
 E - a wand of roots (2)
 M - a wand of mindburst (7)
 O - a wand of flame (6)
 P - a wand of light (4)
 R - a wand of polymorph (6)
Scrolls
 d - 6 scrolls of teleportation
 e - 2 scrolls of noise
 g - 3 scrolls of fear
 h - 4 scrolls of amnesia
 n - 2 scrolls of identify
 o - 2 scrolls of revelation
 y - a scroll of immolation
 B - 3 scrolls of fog
 K - 2 scrolls of enchant weapon
 L - a scroll of blinking
 N - 5 scrolls of enchant armour
Potions
 a - 2 potions of magic
 c - 7 potions of curing
 u - 4 potions of heal wounds
 w - a potion of attraction
 D - 3 potions of enlightenment
 J - a potion of invisibility
 T - 2 potions of resistance
 V - a potion of mutation
Miscellaneous
 F - a phial of floods


   Skills:
 + Level 6.0 Fighting
 + Level 5.3 Dodging
 + Level 5.6 Stealth
 * Level 7.3 Spellcasting
 * Level 7.3 Conjurations
 + Level 3.4 Hexes
 * Level 7.7 Transmutations
 * Level 5.7 Fire Magic
 * Level 5.7 Air Magic
 * Level 8.3 Earth Magic
 * Level 3.7 Poison Magic
 + Level 5.0 Evocations


You had 3 spell levels left.
You knew the following spells:

 Your Spells              Type           Power      Damage    Failure   Level
a - Sandblast             Erth           88%        2d18      1%          1
b - Stone Arrow           Conj/Erth      84%        3d12      1%          3
c - Passwall              Tmut/Erth      35%        N/A       1%          2
d - Petrify               Tmut/Erth      43%        N/A       3%          4
e - Leda's Liquefaction   Hex/Erth       16%        N/A       7%          4
f - Poisonous Vapours     Pois/Air       56%        N/A       1%          2
g - Ignite Poison         Fire/Tmut/Pois 33%        N/A       2%          3
h - Mephitic Cloud        Conj/Pois/Air  32%        N/A       2%          3

Your spell library contained the following spells:

 Spells                   Type           Power      Damage    Failure   Level
 Kiss of Death            Conj/Necr      96%        2d12      1%          1
 Swiftness                Air            33%        N/A       2%          3
 Cigotuvi's Dreadful Rot  Necr/Pois/Air  42%        N/A       3%          2
 Ensorcelled Hibernation  Hex/Ice        30%        N/A       6%          2
 Confusing Touch          Hex            23%        N/A       6%          3
 Lesser Beckoning         Tloc           16%        N/A       12%         2
 Portal Projectile        Hex/Tloc       30%        N/A       12%         3
 Call Canine Familiar     Summ           8%         N/A       24%         3
 Gell's Gravitas          Tloc           8%         N/A       24%         3
 Ozocubu's Armour         Ice            8%         N/A       24%         3
 Teleport Other           Tloc           8%         N/A       24%         3
 Lee's Rapid Deconstruct  Erth           22%        3d12*     8%          5
 Cause Fear               Hex            11%        N/A       19%         4
 Anguish                  Hex/Necr       7%         N/A       36%         4
 Freezing Cloud           Conj/Ice/Air   13%        6-21      36%         5
 Leda's Unmaking          Conj/Erth      21%        9d4       45%         6
 Dispel Undead            Necr           8%         3d8       61%         4
 Dispersal                Tloc           4%         N/A       100%        6
 Enfeeble                 Hex            11%        N/A       100%        7
 Ozocubu's Refrigeration  Ice            4%         4d8       100%        7


Dungeon Overview and Level Annotations

Branches:
Dungeon (12/15)            Temple (0/1) D:6            Lair (0/5) D:9
    Orc (0/2) D:10         Bailey (visited)

Altars:
Cheibriados
Dithmenos
Gozag
Kikubaaqudgha
Okawaru
Trog
Vehumet
Yredelemnul

Shops:
D:7 [   D:10 *   D:11 *

Portals:
Trove: D:10 (give horn of Geryon)

Annotations:
D:7 2 transporters, Ekaitz's ghost, novice DEEE
D:8 1 runed translucent door, BeowulfAlex's ghost, novice OpSh
D:10 5 transporters
D:11 3 runed translucent doors, scionoferis's ghost, journeyman DjCj
D:12 Jorgrun


Innate Abilities, Weirdness & Mutations

You can breathe blasts of scalding, opaque steam.
Your pale cyan-grey scales are hard. (AC +8)
You cannot fit into any form of body armour.
You are cold-blooded and may be slowed by cold attacks.
You are immune to the effects of steam.
You have an increased reservoir of magic. (+10% MP)


Message History

Aiming: Poisonous Vapours (safe; 1% risk of failure)
Press: ? - help, Dir - move target, f - Jorgrun
Aim: Jorgrun, wielding a staff of earth and wearing a +0 robe (lightly wounded) Poisonous vapours surround Jorgrun!
Jorgrun is poisoned.
The yak misses you.
Casting: Poisonous Vapours (safe; 1% risk of failure)
Confirm with . or Enter, or press ? or * to list all spells.
Okay, then.
The yak seems less confused.
The yak is no longer distracted by gold.
The yak attacks as it pursues you! The yak barely misses you.
The acid dragon is engulfed in blazing flames.
Some rock shatters into small pieces.
Casting: Poisonous Vapours (safe; 1% risk of failure)
Confirm with . or Enter, or press ? or * to list all spells.
Aiming: Poisonous Vapours (safe; 1% risk of failure)
Press: ? - help, Dir - move target, f/p - Jorgrun
Aim: Jorgrun, wielding a staff of earth and wearing a +0 robe (lightly wounded, very poisoned) Poisonous vapours surround Jorgrun!
Jorgrun looks even sicker.
The yak gores you!
Casting: Poisonous Vapours (safe; 1% risk of failure)
Confirm with . or Enter, or press ? or * to list all spells.
Aiming: Poisonous Vapours (safe; 1% risk of failure)
Press: ? - help, Dir - move target, f/p - Jorgrun
Aim: Jorgrun, wielding a staff of earth and wearing a +0 robe (lightly wounded, very poisoned) Poisonous vapours surround Jorgrun!
Jorgrun looks as sick as possible!
The yak closely misses you.
Jorgrun says, "'tis place shall be yer tomb!"
Jorgrun points next to the yak and mumbles some strange words.
Some rock shatters into small pieces.
Casting: Poisonous Vapours (safe; 1% risk of failure)
Confirm with . or Enter, or press ? or * to list all spells.
You ignite the poison in your surroundings!
Jorgrun seems to burn from within!!!
Jorgrun is severely wounded.
The yak gores you! Jorgrun casts a spell at you. The entropic shot hits you!!!
Ouch! That really hurt!
You die...
Your body crumbles into a pile of gold.

#############
..........##.#
#########.##..#######
..................#
###########...##..#
.........@Y..#
##.......Y...#
.........#Yg.# .#
##.......#D.C#....
#...........Y....
##+####.#.#.....#
#...........
###....#..##
##.#.#....


You could see Jorgrun, a cyclops, 4 yaks and an acid dragon.

Vanquished Creatures
  Josephine (D:11)
  Harold (D:11)
  A boulder beetle (D:8)
  2 two-headed ogres
  Pikel (D:9)
  A wizard (D:11)
  An orc knight (D:11)
  A cyclops (D:11)
  Jeremiah (D:9)
  Joseph (D:11)
  Psyche (D:11)
  A kobold demonologist (D:11)
  A hornet (D:10)
  2 trolls (D:12)
  Sigmund (D:4)
  5 wraiths (D:11)
  A wyvern (D:8)
  24 yaks
  Eustachio (D:4)
  Grum (D:9)
  9 vampire mosquitoes
  A steam dragon (D:7)
  5 wargs
  3 acid dragons
  Duvessa (D:7)
  3 water moccasins
  A black bear (D:6)
  4 ice beasts
  15 orc warriors
  4 sky beasts
  3 ogres (D:5)
  3 wolves
  2 phantoms
  3 centaurs
  Blork the orc (D:5)
  A kobold brigand (D:8)
  2 gnoll sergeants
  2 bullfrogs
  A wyvern zombie (D:7)
  A water moccasin zombie (D:7)
  Dowan (D:7)
  11 howler monkeys
  4 hounds
  A jelly (D:4)
  Crazy Yiuf (D:4)
  10 orc priests
  4 gnoll boudas
  5 iguanas
  10 orc wizards
  A statue (D:7)
  Robin (D:4)
  27 gnolls
  5 adders
  A white imp (D:4)
  An ufetubus (D:7)
  3 worms
  A dart slug (D:2)
  47 orcs
  5 ball pythons
  4 bats
  6 endoplasms
  5 giant cockroaches
  22 goblins
  12 hobgoblins
  3 jackals (D:2)
  24 kobolds
  3 quokkas
  2 frilled lizards
  2 rats (D:1)
336 creatures vanquished.

Vanquished Creatures (collateral kills)
  A yak (D:8)
1 creature vanquished.

Vanquished Creatures (others)
  A yak (D:8)
  An orc warrior (Bailey)
  An orc (D:6)
3 creatures vanquished.

Grand Total: 340 creatures vanquished

Notes
Turn   | Place    | Note
-------+----------+-------------------------------------------
     0 | D:1      | arthad the Draconian Earth Elementalist began the quest for
                  | the Orb.
     0 | D:1      | Reached XP level 1. HP: 14/14 MP: 3/3
   175 | D:1      | Reached XP level 2. HP: 20/20 MP: 3/5
   444 | D:1      | Found a faded altar of an unknown god.
   904 | D:2      | Reached XP level 3. HP: 27/27 MP: 2/6
  1768 | D:3      | Found a shadowy altar of Dithmenos.
  1987 | D:3      | Found an opulent altar of Gozag.
  1998 | D:3      | Became a worshipper of Gozag Ym Sagoz the Greedy
  2069 | D:3      | Reached skill level 1 in Fighting
  2487 | D:3      | Reached XP level 4. HP: 35/35 MP: 2/7
  2689 | D:3      | Reached skill level 1 in Conjurations
  3088 | D:4      | Reached XP level 5. HP: 34/40 MP: 3/9
  3143 | D:4      | Found a snail-covered altar of Cheibriados.
  3322 | D:4      | Learned a level 3 spell: Stone Arrow
  3325 | D:4      | Learned a level 2 spell: Passwall
  3607 | D:4      | Reached skill level 4 in Earth Magic
  3698 | D:4      | Noticed a sky beast
  3702 | D:4      | Killed a sky beast
  3703 | D:4      | Reached XP level 6. HP: 48/48 MP: 1/10
  4049 | D:4      | Noticed Sigmund
  4053 | D:4      | Killed Sigmund
  4054 | D:4      | Your scales start taking on a pale cyan-grey colour.
  4054 | D:4      | Reached XP level 7. HP: 56/56 MP: 5/12
  4054 | D:4      | Gained mutation: You are immune to the effects of steam.
                  | [Pale Draconian growth]
  4134 | D:4      | Noticed Robin
  4140 | D:4      | Killed Robin
  4399 | D:4      | Gained mutation: You have an increased reservoir of magic.
                  | (+10% MP) [potion of mutation]
  4590 | D:4      | Found a runed translucent door.
  4591 | D:4      | Noticed Crazy Yiuf
  4621 | D:4      | Noticed Eustachio
  4639 | D:4      | Killed Eustachio
  4935 | D:4      | Killed Crazy Yiuf
  5035 | D:5      | Entered Level 5 of the Dungeon
  5049 | D:5      | Reached skill level 1 in Evocations
  5153 | D:5      | Reached skill level 1 in Fire Magic
  5153 | D:5      | Reached skill level 1 in Air Magic
  5153 | D:5      | Reached XP level 8. HP: 62/62 MP: 9/15
  5199 | D:5      | Found an iron altar of Okawaru.
  5240 | D:5      | Reached skill level 5 in Earth Magic
  5673 | D:5      | Identified the +1 ring mail of the Orb {Dex+4}
  5844 | D:5      | Noticed Blork the orc
  5851 | D:5      | Killed Blork the orc
  6832 | D:6      | Identified the +5 rapier "Killer Bee's Death" {heavy,
                  | Str+4}
  6840 | D:6      | Learned a level 4 spell: Petrify
  6845 | D:6      | Learned a level 4 spell: Leda's Liquefaction
  6898 | D:6      | Reached XP level 9. HP: 71/71 MP: 11/17
  6964 | D:6      | Found a staircase to the Ecumenical Temple.
  7288 | D:6      | Found an ancient bone altar of Kikubaaqudgha.
  7777 | D:7      | Reached skill level 5 in Spellcasting
  7777 | D:7      | Reached skill level 5 in Transmutations
  7784 | D:7      | Reached skill level 1 in Hexes
  7784 | D:7      | Reached skill level 6 in Earth Magic
  7803 | D:7      | Found Doguimofak's Antique Armour Boutique.
  7808 | D:7      | Bought a pair of runed gloves for 210 gold pieces
  7850 | D:7      | Noticed a two-headed ogre
  7858 | D:7      | Found a flagged portal.
  7885 | Bailey   | Entered a bailey
  7914 | Bailey   | Reached skill level 5 in Conjurations
  8206 | Bailey   | Identified the +1 longbow "Bestro" {elec, rF+ rCorr}
  8370 | D:7      | Found a bloodstained altar of Trog.
  8370 | D:7      | Noticed Ekaitz's ghost (novice DEEE)
  8395 | D:7      | Reached XP level 10. HP: 80/80 MP: 14/20
  8405 | D:7      | Noticed a moth of wrath
  8434 | D:7      | Noticed Dowan
  8435 | D:7      | Killed Dowan
  8435 | D:7      | Noticed Duvessa
  8440 | D:7      | Killed Duvessa
  8482 | D:7      | Found a radiant altar of Vehumet.
  8524 | D:7      | Identified the +6 plate armour of the Bruised Beds {Int+3}
  8642 | D:7      | Found a transporter.
  8646 | D:7      | Found a transporter.
  8720 | D:7      | Found a basalt altar of Yredelemnul.
  9372 | D:8      | Found a runed translucent door.
  9375 | D:8      | Noticed BeowulfAlex's ghost (novice OpSh)
  9606 | D:8      | Reached skill level 7 in Earth Magic
  9905 | D:8      | Noticed a boulder beetle
  9926 | D:8      | Killed a boulder beetle
  9927 | D:8      | Reached skill level 5 in Fighting
 10229 | D:9      | Noticed Jeremiah
 10252 | D:8      | Learned a level 2 spell: Poisonous Vapours
 10256 | D:8      | Learned a level 3 spell: Ignite Poison
 10457 | D:9      | Found a staircase to the Lair.
 10511 | D:9      | Noticed Grum
 10520 | D:9      | Killed Grum
 10521 | D:9      | Reached XP level 11. HP: 73/86 MP: 16/22
 10528 | D:9      | Reached skill level 1 in Poison Magic
 10535 | D:9      | Noticed a two-headed ogre
 10643 | D:9      | Killed a two-headed ogre
 10741 | D:9      | Noticed Pikel
 10872 | D:9      | Killed Jeremiah
 11277 | D:9      | Killed Pikel
 11278 | D:9      | Reached skill level 5 in Stealth
 11483 | D:10     | Entered Level 10 of the Dungeon
 11730 | D:10     | Found a transporter.
 11735 | D:10     | Found a transporter.
 11812 | D:10     | Found a transporter.
 11816 | D:10     | Found a transporter.
 11861 | D:10     | Found a transporter.
 11870 | D:10     | Found a transporter.
 11956 | D:10     | Found Ozaghial's General Store.
 12018 | D:10     | Found a staircase to the Orcish Mines.
 12044 | D:10     | Identified the +1 rapier of the Chewing Pariah {freeze,
                  | rC+}
 12059 | D:10     | Found a portal to a secret trove of treasure.
 12597 | D:11     | Noticed Josephine
 12609 | D:11     | Noticed Psyche
 12827 | D:11     | Killed Josephine
 12828 | D:11     | Reached skill level 5 in Fire Magic
 12828 | D:11     | Reached skill level 5 in Air Magic
 12835 | D:11     | Reached skill level 5 in Dodging
 12913 | D:11     | Killed Psyche
 12914 | D:11     | Reached skill level 8 in Earth Magic
 12971 | D:11     | Identified the +9 hand cannon of Subjectivity {flame, rPois
                  | Str+4}
 13004 | D:11     | Reached XP level 12. HP: 86/95 MP: 0/24
 13110 | D:11     | Found Cymnueba's General Store.
 13118 | D:11     | Bought a potion of resistance for 160 gold pieces
 13118 | D:11     | Bought 2 potions of heal wounds for 160 gold pieces
 13118 | D:11     | Bought a scroll of enchant armour for 120 gold pieces
 13174 | D:11     | Noticed Joseph
 13178 | D:11     | Killed Joseph
 13224 | D:11     | Noticed Harold
 13245 | D:11     | Killed Harold
 13402 | D:11     | Found a runed translucent gate.
 13402 | D:11     | Found a runed translucent gate.
 13402 | D:11     | Found a runed translucent gate.
 13402 | D:11     | Noticed scionoferis's ghost (journeyman DjCj)
 13754 | D:12     | Noticed a two-headed ogre
 13756 | D:12     | Killed a two-headed ogre
 13757 | D:12     | Reached skill level 5 in Evocations
 13970 | D:12     | Learned a level 3 spell: Mephitic Cloud
 14083 | D:12     | Noticed Jorgrun
 14096 | D:12     | Killed from afar by Jorgrun

Illustrated notes

Levels and vault maps discovered:
D:1:      doesnt_arrival_eight_statues, layout_basic,
          hellmonk_ecumenical_altar_heavens_door
D:2:      cheibrodos_helix_gallery, layout_loops_corners, serial_bayou_pond_c,
          corner_web_ring
D:3:      layout_loops_corners, mainiacjoe_overflow_24_doors,
          grunt_gozag_breadcrumbs
D:4:      layout_basic, slow_altar_1, minmay_curled_crystal,
          minmay_gold_behind_fungi, uniq_sigmund, uniq_eustachio,
          uniq_crazy_yiuf_cottage, uniq_robin
D:5:      layout_layer_cave, mainiacjoe_overflow_alcove_4, serial_bayou,
          serial_bayou_lake_a, serial_bayou_pond_d, serial_bayou_pond_c,
          serial_bayou_pond_e, uniq_blork_the_orc
D:6:      layout_basic, nicolae_overflow_crystal_walls,
          minmay_temple_entry_stoned_glass, minmay_fractal_squares_5
D:7:      layout_loops_ring, lemuel_zombie_altar_yredelemnul, vehumet_statue,
          gammafunk_ghost_wrathful_warriors, enter_bailey_5, serial_shops, shop,
          nicolae_benzene_ring, patterned_corridor, uniq_duvessa
D:8:      layout_loops_ring, hellmonk_ghost_big_iron, mrwooster_statue_mirror
D:9:      layout_cave_pools, erik_lair_orcish_takeover, uniq_jeremiah,
          uniq_pikel, uniq_grum
D:10:     layout_loops_ring, david_orc_1_choice, serial_shops,
          nicolae_shop_window_shopping, nicolae_trove_entry_free_sample,
          serial_nicolae_subway, nicolae_sub_station_metal,
          nicolae_sub_station_crystal, nicolae_sub_station_stone
D:11:     layout_big_octagon, gammafunk_ghost_necromancy, serial_shops, shop,
          sword_in_stone, uniq_josephine, uniq_psyche, uniq_harold
D:12:     layout_basic, uniq_jorgrun

Skill      XL: |  1  2  3  4  5  6  7  8  9 10 11 12 |
---------------+-------------------------------------+-----
Stealth        | 2 3 4 5 |  5.6
Fighting       | 1 2 3 4 5 6 |  6.0
Conjurations   | 1 2 3 4 5 6 7 |  7.3
Dodging        | 2 3 4 5 |  5.3
Transmutations | 2 3 4 5 6 7 |  7.7
Spellcasting   | 3 4 5 6 7 |  7.3
Earth Magic    | 4 5 6 7 8 |  8.3
Evocations     | 1 2 3 4 5 |  5.0
Fire Magic     | 1 2 3 5 |  5.7
Air Magic      | 1 2 3 4 5 |  5.7
Hexes          | 1 2 3 |  3.4
Poison Magic   | 3 |  3.7

Action                     |  1- 3 |  4- 6 |  7- 9 | 10-12 || total
---------------------------+-------+-------+-------+-------++-------
  Melee: Unarmed           |    14 |       |       |       ||    14
         Tailslap          |     2 |     5 |     1 |     1 ||     9
         Punch             |     1 |     1 |       |       ||     2
         Dagger            |       |    18 |     2 |       ||    20
         Rapier            |       |       |       |     1 ||     1
   Cast: Sandblast         |    70 |    84 |   217 |   275 ||   646
         Stone Arrow       |       |     2 |    27 |   112 ||   141
         Leda's Liquefacti |       |       |     1 |     3 ||     4
         Poisonous Vapours |       |       |       |    29 ||    29
         Ignite Poison     |       |       |       |    10 ||    10
         Petrify           |       |       |       |     1 ||     1
         Mephitic Cloud    |       |       |       |     3 ||     3
Ability: Breathe Steam     |       |       |     2 |     6 ||     8
  Evoke: Wand              |       |       |     3 |     9 ||    12
    Use: Scroll            |     1 |     3 |     4 |     8 ||    16
         Potion            |       |     3 |     4 |     3 ||    10
 Armour: Skin              |    16 |    14 |    54 |   129 ||   213
  Dodge: Dodged            |    18 |    66 |   195 |   278 ||   557

Table legend: (Time is in decaauts)
 A = Elapsed time spent in this place.
 B = Non-inter-level travel time spent in this place.
 C = Inter-level travel time spent in this place.
 D = Time resting spent in this place.
 E = Time spent auto-exploring this place.
 F = Levels seen in this place.
 G = Mean time per level.
                   A        B        C        D        E       F      G
               +--------+--------+--------+--------+--------+-----+--------+
         Total |  14456 |  13939 |    517 |    654 |  10639 |  13 | 1112.0 |
       Dungeon |  13980 |  13463 |    517 |    645 |  10359 |  12 | 1165.0 |
        Bailey |    475 |    475 |      0 |      8 |    279 |   1 |  475.0 |
               +--------+--------+--------+--------+--------+-----+--------+

Top non-repeatable levels by time:
     D:4: 2010 daAuts
     D:5: 1671 daAuts
     D:3: 1418 daAuts
     D:8: 1362 daAuts
     D:7: 1146 daAuts
    D:10: 1133 daAuts
    D:11: 1100 daAuts
     D:6: 1085 daAuts
     D:2: 1022 daAuts
     D:9: 941 daAuts
     D:1: 673 daAuts
  Bailey: 475 daAuts
    D:12: 413 daAuts
